 Dungeon Crawl Stone Soup version 0.30-a0-341-g682706514a (webtiles) character file.

Game seed: 9884888646904551531

7525 ytrimaz the Warrior (level 11, -4/132 HPs)
             Began as an Ogre Berserker on Nov 4, 2022.
             Was an Elder of Trog.
             Shot with an arrow by a centaur (8 damage)
             ... while paralysed by a hornet
             ... on level 9 of the Dungeon.
             The game lasted 00:10:37 (9554 turns).

ytrimaz the Warrior (Ogre Berserker)                Turns: 9554, Time: 00:10:38

Health: -4/132     AC:  8    Str: 27    XL:     11   Next: 16%
Magic:  11/11      EV:  1    Int:  8    God:    Trog [****..]
Gold:   537        SH:  0    Dex:  8    Spells: 10/10 levels left

rFire   . . .      SeeInvis .    a - +0 mace (spect)
rCold   . . .      Faith    .    (no shield)
rNeg    . . .      Spirit   .    B - +0 swamp dragon scales
rPois   +          Reflect  +    (helmet restricted)
rElec   .          Harm     .    (no cloak)
rCorr   .          Rampage  .    (gloves unavailable)
Will    ++++.                    (boots unavailable)
Stlth   ..........               t - amulet of reflection
HPRegen 1.42/turn                c - ring of willpower
MPRegen 0.12/turn                (no ring)

@: paralysed, strong-willed, on berserk cooldown, regenerating, slowed
A: large, unfitting armour, tough skin 1
a: Renounce Religion, Berserk, Trog's Hand, Brothers in Arms


You were on level 9 of the Dungeon.
You worshipped Trog.
Trog was greatly pleased with you.
You visited 1 branch of the dungeon, and saw 9 of its levels.
You also visited: Ossuary.

You collected 537 gold pieces.


Innate Abilities, Weirdness & Mutations

You are too large for most types of armour.
You have tough skin. (AC +1)


   Skills:
 - Level 15.0 Fighting
 + Level 11.9 Maces & Flails
 - Level 2.6 Dodging


You had 10 spell levels left.
You didn't know any spells.
Your spell library was empty.

Inventory:

Hand Weapons
 a - a +0 spectral mace (weapon)
 y - a +0 giant spiked club
   (You took it off a two-headed ogre on level 6 of the Dungeon)
Missiles
 g - 16 poisoned darts (quivered)
 o - 7 curare-tipped darts
 w - 2 throwing nets
Armour
 B - +0 swamp dragon scales (worn)
   (You took it off Maggie on level 9 of the Dungeon)
Jewellery
 c - a ring of willpower (left hand)
   (You found it on level 1 of the Dungeon)
 t - an amulet of reflection (around neck)
   (You took it off a hobgoblin on level 4 of the Dungeon)
Wands
 r - a wand of mindburst (38)
   (You found it on level 5 of the Dungeon)
 D - a wand of flame (10)
   (You found it on level 9 of the Dungeon)
Scrolls
 b - 3 scrolls of magic mapping
 h - a scroll of vulnerability {unknown}
 m - 7 scrolls of teleportation
 z - 2 scrolls of fear
 C - a scroll of poison {unknown}
Potions
 d - 3 potions of invisibility
 e - 4 potions of brilliance
 f - 5 potions of curing
 i - 3 potions of berserk rage
 j - 3 potions of heal wounds
 k - a potion of magic {unknown}
 l - a potion of might {unknown}
 n - 2 potions of attraction {unknown}
 p - 3 potions of mutation {unknown}
 q - a potion of cancellation {unknown}
 s - 2 potions of lignification
 u - a potion of ambrosia {unknown}
 v - a potion of flight {unknown}
 x - 2 potions of haste {unknown}

Dungeon Overview and Level Annotations

Branches:
Dungeon (9/15) Zot: 26445  Temple (0/1) D:7         Ossuary (visited)
   Lair: D:8-11         Orc: D:9-12

Altars:
Ashenzari
Cheibriados
Elyvilon
Hepliaklqana
Makhleb
Nemelex Xobeh
Okawaru
Qazlal
Ru
Uskayaw
Wu Jian
Xom
Yredelemnul
Zin

Annotations:
D:8 eyols's ghost, novice FoFi

.♣~. ~~~ ......)#..
.♣♣♣ P~♣♣
♣♣♣.......... ..#
♣.~♣♣♣............
.###
♣~.♣....#.........
...#
♣♣.~♣.....#......
#..##♣P.♣♣.#..##...!#
#..#......###.#....#
#......#..##.....#
♣♣~♣......##...)@##
♣P♣♣♣♣~........§y#
P~~ P~~~♣.....T...#
P~♣~
~~~~♣~.#...>.......
≈≈
≈~~~P~~P♣#....c......
≈≈
≈~~~~~P♣♣~...........
≈≈≈≈≈~
~~~~~♣~..........
~~P♣♣.#..$..... ♣P
♣.......###


You could see a troll, a hornet and a centaur.


Message History

You are exhausted.
You feel yourself slow down.
The hornet barely misses your +0 spectral mace.
The gnoll sergeant hits you from afar with a +0 spear!
* * * LOW HITPOINT WARNING * * *
😨 HP[-40]
You now have 132 max hp (-66).
Unknown command.
You swap places.
The hornet stings you.
* * * LOW HITPOINT WARNING * * *
You feel as though you will be slow longer.
The gnoll sergeant hits you with a +0 spear!
* * * LOW HITPOINT WARNING * * *
The hornet barely misses you. 😨 HP[-9]
You take 9 damage, and now have 51/132 hp.
Unknown command.
You hit the gnoll sergeant but do no damage.
Your +0 spectral mace hits the gnoll sergeant but does no damage.
A nearby plant withers and dies.
The hornet stings you.
* * * LOW HITPOINT WARNING * * *
The gnoll sergeant hits you with a +0 spear.
* * * LOW HITPOINT WARNING * * *
The hornet stings you.
* * * LOW HITPOINT WARNING * * *
The gnoll sergeant hits you with a +0 spear.
* * * LOW HITPOINT WARNING * * *
😨 HP[-9]
You take 9 damage, and now have 42/132 hp.
Unknown command.
You hit the gnoll sergeant.
Your +0 spectral mace hits the gnoll sergeant!
The hornet stings you!
* * * LOW HITPOINT WARNING * * *
The hornet stings you.
* * * LOW HITPOINT WARNING * * *
You block the gnoll sergeant's attack. 😨 HP[-8]
You take 8 damage, and now have 34/132 hp.
Unknown command.
You thump the gnoll sergeant!
Your +0 spectral mace hits the gnoll sergeant.
The hornet stings you!
* * * LOW HITPOINT WARNING * * *
A troll comes into view.
You block the gnoll sergeant's attack. The hornet stings you.
* * * LOW HITPOINT WARNING * * *
You feel as though you will be slow longer. 😱 HP[-11]
You take 11 damage, and now have 23/132 hp.
Unknown command.
You feel much better. The hornet stings you!
* * * LOW HITPOINT WARNING * * *
The gnoll sergeant hits you with a +0 spear.
* * * LOW HITPOINT WARNING * * *
The hornet closely misses you.
The gnoll sergeant hits you but does no damage. 😨 HP[+12]
You regained 12 hp, and now have 35/132 hp.
Unknown command.
You hit the gnoll sergeant.
Your +0 spectral mace hits the gnoll sergeant but does no damage.
The hornet stings you but does no damage.
The hornet closely misses you.
The gnoll sergeant hits your +0 spectral mace with a +0 spear!
Your spectral weapon shares its damage with you!
* * * LOW HITPOINT WARNING * * *
A centaur comes into view.
Unknown command. 😱 HP[-2]
You take 2 damage, and now have 33/132 hp.
You hit the gnoll sergeant but do no damage.
You punch the gnoll sergeant.
Your +0 spectral mace hits the gnoll sergeant!
You kill the gnoll sergeant!
Trog accepts your kill. The hornet closely misses you.
The centaur wields a +2 vorpal shortbow.
The centaur shoots an arrow.
The arrow barely misses your +0 spectral mace.
The arrow barely misses you. The hornet stings you!
* * * LOW HITPOINT WARNING * * *
You feel as though you will be slow longer. 😱 HP[-7]
You take 7 damage, and now have 26/132 hp.
Unknown command.
You hit the hornet.
Your +0 spectral mace closely misses the hornet.
The hornet stings you!
* * * LOW HITPOINT WARNING * * *
You suddenly lose the ability to move!
The hornet stings you!
* * * LOW HITPOINT WARNING * * *
The troll misses your +0 spectral mace. x2
The troll claws your +0 spectral mace!
Your spectral weapon shares its damage with you!
* * * LOW HITPOINT WARNING * * *
The hornet stings you.
* * * LOW HITPOINT WARNING * * *
The centaur shoots an arrow.
The arrow hits you!
You die...

Skill      XL: |  1  2  3  4  5  6  7  8  9 10 |
---------------+-------------------------------+-----
Maces & Flails | 3 4 5 6 8 9 11 | 11.9
Fighting       | 5 6 7 9 11 13 15 | 15.0
Dodging        | |  2.6

Action                   |  1- 3 |  4- 6 |  7- 9 | 10-12 || total
-------------------------+-------+-------+-------+-------++-------
Melee: Mace              |   161 |   244 |   164 |   173 ||   742
       Punch             |     1 |       |     1 |     3 ||     5
Invok: Berserk           |     2 |     4 |     5 |     2 ||    13
       Trog's Hand       |       |     3 |     1 |     2 ||     6
  Use: Potion            |       |     1 |     1 |     1 ||     3
       Scroll            |       |     7 |     6 |     3 ||    16
 Stab: Distracted        |       |       |     2 |       ||     2
Armor: Animal skin       |    86 |    36 |       |       ||   122
       Robe              |       |    42 |    64 |    40 ||   146
       Swamp dragon scal |       |       |       |     8 ||     8
Dodge: Dodged            |   159 |   149 |    97 |    72 ||   477
Block: Other             |       |       |    53 |    30 ||    83
       Reflection        |       |       |     3 |     2 ||     5

Levels and vault maps discovered:
D:1:      dpeg_arrival_round_c, layout_basic,
          shapermc_ecumenical_altar_mp_urbaneastern
D:2:      layout_rooms, basic_altar, minmay_tromino_v7
D:3:      layout_rooms, nemelex_diamond_rough_becter,
          grunt_temple_overflow_open, solitary_fountain
D:4:      layout_rooms, nicolae_ossuary_entry_ruins,
          nicolae_elevator_lobby_plus, uniq_blork_the_orc
D:5:      layout_basic, mainiacjoe_overflow_alcove_4
D:6:      layout_gridville, marbit_many_paths, mainiacjoe_overflow_catwalk,
          serial_rivers, chequers_serial_rivers_large_a,
          chequers_serial_rivers_small_a, chequers_serial_rivers_large_b,
          chequers_serial_rivers_small_b, chequers_serial_rivers_small_3,
          chequers_serial_rivers_micro_e, hangedman_feature_mirror,
          uniq_eustachio
D:7:      layout_basic, mainiacjoe_overflow_small_starburst, old_standard_altar,
          kennysheep_mini_moat, nicolae_elyvilon_peaceful_grove,
          minmay_temple_entry_hall, serial_park_tiny_1, uniq_joseph,
          uniq_menkaure
D:8:      layout_basic, gammafunk_ghost_arena
D:9:      layout_cave_pools, yredelemnul_altar_generic,
          overflow_temple_1_default, dpeg_oklobed_lair, serial_bayou,
          serial_bayou_lake_a, serial_bayou_shore_a, serial_bayou_pond_b,
          serial_bayou_crossing, laboratory, uniq_maggie

Notes
Turn   | Place    | Note
-------+----------+-------------------------------------------
     0 | D:1      | ytrimaz the Ogre Berserker began the quest for the Orb.
     0 | D:1      | Reached XP level 1. HP: 24/24 MP: 1/1
     0 | D:1      | magus.rc [v1.9.6]
   130 | D:1      | Reached skill level 3 in Maces & Flails
   130 | D:1      | Reached XP level 2. HP: 29/33 MP: 2/2
   521 | D:1      | Found a faded altar of an unknown god.
   774 | D:2      | Found a stormy altar of Qazlal.
   785 | D:2      | Reached XP level 3. HP: 29/40 MP: 3/3
   867 | D:2      | Reached skill level 5 in Fighting
   878 | D:2      | HP: 9/42 [quokka (3)]
   881 | D:2      | HP: 4/42 [quokka (1)]
   882 | D:2      | Reached ** piety under Trog
  1174 | D:2      | Reached XP level 4. HP: 24/50 MP: 4/4
  1175 | D:2      | HP: 16/75 [hobgoblin (4)]
  1178 | D:2      | HP: 6/75 [hobgoblin (4)]
  1880 | D:3      | Found a shimmering altar of Xom.
  1904 | D:3      | Found a snail-covered altar of Cheibriados.
  2038 | D:3      | HP: 10/52 [orc/+0 hand axe (6)]
  2047 | D:3      | Reached skill level 4 in Maces & Flails
  2047 | D:3      | Reached XP level 5. HP: 37/59 MP: 5/5
  2060 | D:3      | Reached skill level 6 in Fighting
  2061 | D:3      | HP: 14/59 [dart slug (3)]
  2064 | D:3      | HP: 6/59 [orc/+0 dagger (3)]
  2518 | D:3      | Found a sparkling altar of Nemelex Xobeh.
  2920 | D:4      | Identified a +1 robe of the Archmagi
  2920 | D:4      | Noticed Blork the orc
  2926 | D:4      | Killed Blork the orc
  2927 | D:4      | Reached XP level 6. HP: 43/68 MP: 6/6
  3037 | D:4      | Reached skill level 7 in Fighting
  3167 | D:4      | Reached *** piety under Trog
  3173 | D:4      | Found a sand-covered staircase.
  3182 | Ossuary  | Entered an ossuary
  3468 | Ossuary  | Reached **** piety under Trog
  3499 | Ossuary  | Reached skill level 5 in Maces & Flails
  3813 | D:4      | Reached XP level 7. HP: 56/79 MP: 7/7
  4250 | D:5      | Entered Level 5 of the Dungeon
  4282 | D:5      | Reached skill level 8 in Fighting
  4529 | D:5      | Reached skill level 6 in Maces & Flails
  4626 | D:5      | HP: 28/121 [water moccasin (5)]
  4629 | D:5      | HP: 12/121 [poisoned by a water moccasin]
  4630 | D:5      | Reached skill level 9 in Fighting
  4630 | D:5      | Reached XP level 8. HP: 13/92 MP: 8/8
  4632 | D:5      | HP: 2/92 [poisoned by a water moccasin]
  4897 | D:5      | Found a stormy altar of Qazlal.
  5432 | D:6      | Noticed Eustachio
  5458 | D:6      | Killed Eustachio
  5673 | D:6      | Reached skill level 10 in Fighting
  5673 | D:6      | Reached skill level 7 in Maces & Flails
  5674 | D:6      | Noticed a two-headed ogre
  5675 | D:6      | Found a burning altar of Makhleb.
  5683 | D:6      | Killed a two-headed ogre
  5684 | D:6      | Reached skill level 11 in Fighting
  5684 | D:6      | Reached skill level 8 in Maces & Flails
  5684 | D:6      | Reached XP level 9. HP: 74/105 MP: 9/9
  6275 | D:6      | Found a sacrificial altar of Ru.
  6468 | D:6      | Found a broken altar of Ashenzari.
  6489 | D:6      | Killed an unseen horror
  6490 | D:6      | Reached skill level 12 in Fighting
  6798 | D:6      | You fall into a shaft and drop 2 floors!
  6798 | D:8      | Found a transporter.
  6799 | D:8      | Noticed eyols's ghost (novice FoFi)
  6809 | D:8      | Noticed a two-headed ogre
  6815 | D:8      | Found a transporter.
  6969 | D:8      | Reached skill level 9 in Maces & Flails
  7306 | D:8      | Identified the +1 ring mail of Vyppi {Harm Dex+2}
  7380 | D:8      | Reached skill level 13 in Fighting
  7410 | D:8      | Reached XP level 10. HP: 107/117 MP: 10/10
  7672 | D:7      | Found a hide-covered altar of Uskayaw.
  7672 | D:7      | Noticed Joseph
  7682 | D:7      | Killed Joseph
  7868 | D:7      | Reached skill level 10 in Maces & Flails
  8025 | D:7      | Found a hazy altar of Hepliaklqana.
  8032 | D:7      | Reached ***** piety under Trog
  8087 | D:7      | Noticed Menkaure
  8099 | D:7      | Killed Menkaure
  8100 | D:7      | Reached skill level 14 in Fighting
  8237 | D:7      | Found a staircase to the Ecumenical Temple.
  8401 | D:7      | Found an iron altar of Okawaru.
  8427 | D:7      | Found a white marble altar of Elyvilon.
  8737 | D:6      | Found an ornate altar of the Wu Jian Council.
  9016 | D:9      | HP: 29/123 [yak (14)]
  9023 | D:9      | HP: 42/184 [kobold/+0 whip (3)]
  9026 | D:9      | Noticed Maggie
  9027 | D:9      | Received a gift from Trog
  9029 | D:9      | HP: 40/184 [kobold/+0 club (1)]
  9034 | D:8      | HP: 41/184 [kobold/+0 club (4)]
  9261 | D:9      | Killed Maggie
  9262 | D:9      | Reached skill level 15 in Fighting
  9411 | D:9      | Found a glowing silver altar of Zin.
  9428 | D:9      | Found a basalt altar of Yredelemnul.
  9516 | D:9      | Noticed a two-headed ogre
  9526 | D:9      | Reached skill level 11 in Maces & Flails
  9531 | D:9      | Reached XP level 11. HP: 132/132 MP: 11/11
  9543 | D:9      | Killed a two-headed ogre
  9549 | D:9      | HP: 26/132 [hornet (10)]
  9553 | D:9      | Paralysed by a hornet for 3 turns
  9553 | D:9      | HP: 9/132 [hornet (9)]
  9553 | D:9      | HP: 4/132 [troll (5)]
  9554 | D:9      | Shot with an arrow by a centaur

Vanquished Creatures
  2 two-headed ogres
  An unseen horror (D:6)
  Joseph (D:7)
  Maggie (D:9)
  A troll (D:9)
  A shadow (D:9)
  Eustachio (D:6)
  9 yaks (D:9)
  2 wyverns (D:8)
  Menkaure (D:7)
  4 water moccasins
  3 sky beasts
  2 orc warriors
  A black bear (D:7)
  An ice beast (D:6)
  2 ogres
  4 centaurs
  A phantom (D:5)
  Blork the orc (D:4)
  3 bullfrogs
  A gnoll sergeant (D:9)
  3 scorpions
  4 necrophages
  3 wights (D:8)
  4 killer bees (D:8)
  A hound (D:4)
  An orc priest (D:7)
  A jelly (D:5)
  5 orc wizards
  A mummy (Ossuary)
  7 gnolls
  7 adders
  A shadow imp (D:8)
  A white imp (D:5)
  2 ufetubi
  2 worms (D:2)
  2 dart slugs
  25 orcs
  2 spectral bats (Ossuary)
  5 endoplasms
  7 giant cockroaches
  12 gnoll zombies (Ossuary)
  8 goblins
  9 hobgoblins
  10 jackals (D:2)
  13 kobolds
  5 quokkas
  9 ball pythons
  8 bats
  A bat simulacrum (Ossuary)
  A frilled lizard (D:3)
  5 goblin simulacra (Ossuary)
  6 goblin zombies (Ossuary)
  3 hobgoblin zombies (Ossuary)
  5 kobold simulacra (Ossuary)
  6 kobold zombies (Ossuary)
  3 orc zombies (Ossuary)
  10 rats
  2 rat simulacra (Ossuary)
  2 spectral goblins (Ossuary)
  A spectral kobold (Ossuary)
  A spectral rat (Ossuary)
247 creatures vanquished.

Vanquished Creatures (others)
  A kobold brigand (D:9)
  A butterfly (D:7)
  2 fungi (D:9)
  2 plants (D:9)
6 creatures vanquished.

Grand Total: 253 creatures vanquished

Table legend:
 A = Non-vault XP
 B = Vault XP
 C = Vault XP percentage of total XP
 D = Non-vault monster count
 E = Vault monster count
 F = Vault count percentage of total count
                 A         B        C        D         E       F
            +---------+---------+-------+---------+---------+-------
      Total |    7657 |    3093 |  28.8 |     186 |      61 |  24.7
            +---------+---------+-------+---------+---------+-------
        D:1 |      30 |       0 |   0.0 |      20 |       0 |   0.0
        D:2 |      92 |       2 |   2.1 |      33 |       1 |   2.9
        D:3 |     136 |       0 |   0.0 |      31 |       0 |   0.0
        D:4 |     207 |     100 |  32.6 |      13 |       1 |   7.1
        D:5 |     849 |       0 |   0.0 |      17 |       0 |   0.0
        D:6 |     629 |    1597 |  71.7 |      12 |       4 |  25.0
        D:7 |    1391 |     602 |  30.2 |      22 |       2 |   8.3
        D:8 |    1133 |     210 |  15.6 |      25 |       1 |   3.8
        D:9 |    3190 |     502 |  13.6 |      13 |       2 |  13.3
    Ossuary |       0 |      80 | 100.0 |       0 |      50 | 100.0
            +---------+---------+-------+---------+---------+-------

Illustrated notes

Table legend:
 A = Kills in this place as a percentage of kills in entire the game.
 B = Kills by you in this place as a percentage of kills by you in the entire game.
 C = Kills by friends in this place as a percentage of kills by friends in the entire game.
 D = Other kills in this place as a percentage of other kills in the entire game.
 E = Experience gained in this place as a percentage of experience gained in the entire game.
 F = Experience gained in this place divided by the number of levels of this place that you have seen.
                   A       B       C       D       E      F
               +-------+-------+-------+-------+-------+----------------------
         Total | 100.0 | 100.0 |   N/A |   N/A | 100.0 | 1075.0
       Dungeon |  79.8 |  79.8 |   N/A |   N/A |  99.3 | 1185.6
       Ossuary |  20.2 |  20.2 |   N/A |   N/A |   0.7 |  80.0
               +-------+-------+-------+-------+-------+----------------------

Table legend: (Time is in decaauts)
 A = Elapsed time spent in this place.
 B = Non-inter-level travel time spent in this place.
 C = Inter-level travel time spent in this place.
 D = Time resting spent in this place.
 E = Time spent auto-exploring this place.
 F = Levels seen in this place.
 G = Mean time per level.
                   A        B        C        D        E       F      G
               +--------+--------+--------+--------+--------+-----+--------+
         Total |   9755 |   9462 |    293 |    721 |   6984 |  10 |  975.5 |
       Dungeon |   9152 |   8859 |    293 |    621 |   6763 |   9 | 1016.9 |
       Ossuary |    603 |    603 |      0 |    100 |    221 |   1 |  603.0 |
               +--------+--------+--------+--------+--------+-----+--------+

Top non-repeatable levels by time:
     D:6: 1681 daAuts
     D:8: 1201 daAuts
     D:5: 1195 daAuts
     D:2: 1152 daAuts
     D:3: 1079 daAuts
     D:7: 972 daAuts
     D:1: 790 daAuts
     D:4: 755 daAuts
 Ossuary: 603 daAuts
     D:9: 323 daAuts
